 Dungeon Crawl Stone Soup version 0.29-a0-542-g075992c915 (webtiles) character file.

Game seed: 10999566967986254668

546 jifgo the Covered (level 7, -3/44 HPs)
             Began as a Gargoyle Fighter on June 4, 2022.
             Slain by an ogre
             ... wielding a +0 giant club
              (27 damage)
             ... on level 4 of the Dungeon.
             The game lasted 00:09:45 (4950 turns).

jifgo the Covered (Gargoyle Fighter)                Turns: 4950, Time: 00:09:46

Health: -3/44      AC: 19    Str: 21    XL:     7   Next: 28%
Magic:  7/7        EV:  6    Int:  9    God:
Gold:   178        SH:  4    Dex:  9    Spells: 6/6 levels left

rFire   . . .      SeeInvis .   a - +0 flail
rCold   . . .      Faith    .   c - +0 buckler
rNeg    + . .      Spirit   .   n - +0 plate armour
rPois   ∞          Reflect  .   (no helmet)
rElec   +          Harm     .   l - +0 cloak
rCorr   .          Rampage  .   j - +0 pair of gloves
Will    .....                   (no boots)
Stlth   ..........              (no amulet)
HPRegen 0.14/turn               (no ring)
MPRegen 0.10/turn               (no ring)

@: no status effects
A: sickness immunity, AC +4, negative energy resistance 1, electricity
resistance, torment resistance 1, petrification resistance
a: no special abilities


You were on level 4 of the Dungeon.
You visited 1 branch of the dungeon, and saw 4 of its levels.

You collected 178 gold pieces.

Inventory:

Hand Weapons
 a - a +0 flail (weapon)
Armour
 c - a +0 buckler (worn)
 j - a +0 pair of gloves (worn)
 l - a +0 cloak (worn)
 n - a +0 plate armour (worn)
 t - the +0 hat of Defiance {-Tele rF- Will+++ Int+7}
   (You found it on level 4 of the Dungeon)

   Int:       It affects your intelligence (+7).
   rF:        It makes you vulnerable to fire.
   -Tele:     It prevents most forms of teleportation.
   Will:      It greatly increases your willpower.
Scrolls
 h - 2 scrolls of teleportation {unknown}
 i - a scroll of identify
 k - 2 scrolls of poison {unknown}
 p - a scroll of fog {unknown}
Potions
 d - a potion of might
 e - a potion of magic {unknown}
 f - a potion of curing {unknown}
 g - a potion of attraction
 m - 2 potions of berserk rage
 o - 2 potions of cancellation
 q - a potion of heal wounds
 r - a potion of mutation
 s - a potion of flight
 u - a potion of lignification {unknown}


   Skills:
 + Level 5.1 Fighting
 + Level 4.3 Maces & Flails
 + Level 5.2 Armour
 + Level 5.2 Shields


You had 6 spell levels left.
You didn't know any spells.
Your spell library contained the following spells:

 Spells                   Type           Power      Damage    Failure   Level
 Gell's Gravitas          Tloc           0%         N/A       100%        3
 Teleport Other           Tloc           0%         N/A       100%        3
 Dispersal                Tloc           0%         N/A       100%        6


Dungeon Overview and Level Annotations

Branches:
Dungeon (4/15)
 Temple: D:4-7

Altars:
Vehumet
Yredelemnul


Innate Abilities, Weirdness & Mutations

You are immune to sickness and miasma.
Your stone body is resilient. (AC +4)
You are immune to poison.
You resist negative energy. (rN+)
You are resistant to electric shocks. (rElec)
You are resistant to unholy torment.
You are immune to petrification.


Message History

There is an open door here.
Done exploring.
Done exploring.
There is an open door here.
The ogre shouts!
Throw: 4 darts (poison)
Press: ? - help, Q - select action Shift-Dir - straight line, f - ogre
Aim: an ogre, wielding a +0 giant club (72% to hit)
You throw a poisoned dart. The poisoned dart hits the ogre.
Unknown command.
Throw: 3 darts (poison)
Press: ? - help, Q - select action Shift-Dir - straight line, f/p - ogre
Aim: an ogre, wielding a +0 giant club (72% to hit)
You throw a poisoned dart.
The poisoned dart barely misses the ogre.
Unknown command.
Throw: 2 darts (poison)
Press: ? - help, Q - select action Shift-Dir - straight line, f/p - ogre
Aim: an ogre, wielding a +0 giant club (72% to hit)
You throw a poisoned dart.
The poisoned dart closely misses the ogre.
Unknown command.
Throw: dart (poison)
Press: ? - help, Q - select action Shift-Dir - straight line, f/p - ogre
Aim: an ogre, wielding a +0 giant club (72% to hit)
You throw a poisoned dart. The poisoned dart hits the ogre.
The ogre is poisoned.
Unknown command.
The ogre hits you with a +0 giant club!
You hit the ogre.
The ogre is moderately wounded.
The ogre hits you with a +0 giant club!
You hit the ogre but do no damage.
The ogre is moderately wounded.
You hit the ogre.
The ogre is moderately wounded.
The ogre looks more healthy.
The ogre hits you with a +0 giant club!!
Ouch! That really hurt!
You die...

#......# #.#####..# ##.##
####.### #........# ##...## #.#
######...## #..#..# #.####
##.....## #.###.. #.##[##
##.......## #..#...
#.#...####.........####....#.
#........'........['.........
###.....####.........####...##.
#.......# ##.@O(..((......###.
#.......# ##...≈≈≈≈≈≈.≈≈.#...
#.......# ##..≈.......§.#.##
###...### ##.≈.#####.§.#.#
#...# #§.§.#.....≈.#.## #.###
#..≈.#._.#.§.#... #.#
####..§.....#.≈.##.# ##.##
#.....§.#####.§.##.# ##...##
###.....≈..§....§.##.#


You could see an ogre.

Vanquished Creatures
  Menkaure (D:4)
  A black bear (D:4)
  Blork the orc (D:4)
  A howler monkey (D:4)
  A hound (D:4)
  Natasha (thrice) (D:4)
  An iguana (D:4)
  4 adders
  An ufetubus (D:3)
  A worm (D:1)
  An orc (D:3)
  4 bats
  10 endoplasms
  3 giant cockroaches
  6 goblins
  4 hobgoblins (D:1)
  5 kobolds
  3 quokkas
  5 ball pythons
  3 frilled lizards
  5 rats
64 creatures vanquished.

Notes
Turn   | Place    | Note
-------+----------+-------------------------------------------
     0 | D:1      | jifgo the Gargoyle Fighter began the quest for the Orb.
     0 | D:1      | Reached XP level 1. HP: 14/14 MP: 1/1
   349 | D:1      | Reached XP level 2. HP: 17/19 MP: 2/2
   670 | D:1      | Found a faded altar of an unknown god.
   903 | D:1      | Reached XP level 3. HP: 23/23 MP: 3/3
  1939 | D:2      | Reached XP level 4. HP: 29/29 MP: 4/4
  3029 | D:4      | Noticed Menkaure
  3138 | D:4      | Found a basalt altar of Yredelemnul.
  3147 | D:4      | Noticed Natasha
  3162 | D:4      | Reached XP level 5. HP: 29/33 MP: 3/5
  3185 | D:4      | Found a radiant altar of Vehumet.
  3298 | D:4      | Killed Natasha
  3431 | D:4      | Noticed Natasha
  3508 | D:4      | Killed Natasha
  3522 | D:4      | Noticed an ogre
  3631 | D:4      | Noticed Natasha
  3634 | D:4      | Killed Natasha
  3657 | D:4      | Reached XP level 6. HP: 39/39 MP: 6/6
  3684 | D:4      | Noticed a black bear
  3701 | D:4      | Killed a black bear
  3770 | D:4      | Noticed Blork the orc
  4005 | D:4      | Identified the +0 hat of Defiance {-Tele rF- Will+++ Int+7}
  4059 | D:4      | Killed Menkaure
  4060 | D:4      | Reached skill level 5 in Fighting
  4060 | D:4      | Reached skill level 5 in Armour
  4060 | D:4      | Reached skill level 5 in Shields
  4060 | D:4      | Reached XP level 7. HP: 16/44 MP: 7/7
  4321 | D:4      | Killed Blork the orc
  4718 | D:4      | Identified the +1 leather armour of Twilight {rC+ Regen+}
  4950 | D:4      | Slain by an ogre

Illustrated notes

Levels and vault maps discovered:
D:1:      dpeg_arrival_brainrot, layout_loops_ring,
          hellmonk_ecumenical_altar_slurped_away
D:2:      layout_basic
D:3:      layout_loops_ring
D:4:      layout_loops_corners, overflow_temple_1_default,
          mainiacjoe_overflow_brackets, nicolae_figureground_sparkle,
          uniq_natasha, uniq_menkaure, uniq_blork_the_orc

Skill      XL: |  1  2  3  4  5  6 |
---------------+-------------------+-----
Armour         | 4 5 |  5.2
Maces & Flails | 3 4 |  4.3
Fighting       | 4 5 |  5.1
Shields        | 4 5 |  5.2

Action                   |  1- 3 |  4- 6 |  7- 9 || total
-------------------------+-------+-------+-------++-------
Melee: Flail             |   108 |   103 |    36 ||   247
Throw: Dart              |     9 |     9 |     9 ||    27
  Use: Scroll            |       |     5 |       ||     5
Armor: Chain mail        |    79 |    15 |       ||    94
       Scale mail        |     3 |       |       ||     3
       Plate armour      |       |   109 |    21 ||   130
Dodge: Dodged            |    47 |    51 |    11 ||   109
Block: Buckler           |    11 |    22 |     5 ||    38

Table legend: (Time is in decaauts)
 A = Elapsed time spent in this place.
 B = Non-inter-level travel time spent in this place.
 C = Inter-level travel time spent in this place.
 D = Time resting spent in this place.
 E = Time spent auto-exploring this place.
 F = Levels seen in this place.
 G = Mean time per level.
                   A        B        C        D        E       F      G
               +--------+--------+--------+--------+--------+-----+--------+
         Total |   5022 |   4733 |    289 |    835 |   2867 |   4 | 1255.5 |
       Dungeon |   5022 |   4733 |    289 |    835 |   2867 |   4 | 1255.5 |
               +--------+--------+--------+--------+--------+-----+--------+

Top non-repeatable levels by time:
     D:4: 1768 daAuts
     D:1: 1438 daAuts
     D:2: 1024 daAuts
     D:3: 791 daAuts
